 Dungeon Crawl Stone Soup version 0.30-a0-630-g881e3bac89 (webtiles) character file.

Game seed: 12338063764167150268

8 M4edhros the Charlatan (level 2, 0/18 HPs)
             Began as an Octopode Artificer on Jan 13, 2023.
             Slain by Terence
             ... wielding a +0 short sword
              (4 damage)
             ... on level 2 of the Dungeon.
             The game lasted 00:00:38 (360 turns).

M4edhros the Charlatan (Octopode Artificer)          Turns: 360, Time: 00:00:38

Health: 0/18       AC:  1    Str: 11    XL:     2   Next: 8%
Magic:  2/2        EV: 13    Int: 13    God:
Gold:   23         SH:  0    Dex: 12    Spells: 1/1 levels left

rFire   . . .      SeeInvis .    a - +0 club
rCold   . . .      Faith    .    (no shield)
rNeg    . . .      Spirit   .    (helmet restricted)
rPois   .          Reflect  .    (no amulet)
rElec   .          Harm     .    (no ring)
rCorr   .          Rampage  .    (no ring)
Will    .....                    (no ring)
Stlth   +++                      (no ring)
HPRegen 0.23/turn                (no ring)
MPRegen 0.08/turn                (no ring)
                                 (no ring)
                                 (no ring)

@: brilliant
A: almost no armour, amphibious, 8 rings, camouflage 1, gelatinous body 1,
(nimble swimmer 1), tentacles
a: no special abilities


You were on level 2 of the Dungeon.
You visited 1 branch of the dungeon, and saw 2 of its levels.

You collected 23 gold pieces.

Inventory:

Hand Weapons
 a - a +0 club (weapon)
Wands
 b - a wand of flame (11) (quivered)
 c - a wand of charming (14)
 d - a wand of iceblast (4)
Scrolls
 f - 2 scrolls of teleportation {unknown}
 g - a scroll of poison {unknown}
 h - a scroll of summoning {unknown}
 i - a scroll of identify {unknown}
 j - a scroll of enchant weapon {unknown}
Potions
 e - a potion of brilliance


   Skills:
 + Level 1.3 Fighting
 + Level 2.5 Dodging
 + Level 1.9 Stealth
 + Level 3.4 Evocations


You had one spell level left.
You didn't know any spells.
Your spell library was empty.

Dungeon Overview and Level Annotations

Branches:
Dungeon (2/15)

Altars:

Annotations:
D:2 Terence


Innate Abilities, Weirdness & Mutations

You cannot wear most types of armour.
You are amphibious.
You can wear up to eight rings at the same time.
Your skin changes colour to match your surroundings (Stealth+).
Your rubbery body absorbs attacks. (AC +1, EV +1)
((You are camouflaged when in or above water. (Stealth+)))
You have tentacles for arms and can constrict up to eight enemies at once.


Message History

Okay, then.
Okay, then.
Unknown command.
Aiming: Throw Flame
Press: ? - help, Shift-Dir - straight line, f - Terence
Aim: Terence, wielding a +0 short sword and wearing a +0 scale mail (moderately wounded, 75% to hit)
The puff of flame hits Terence but does no damage.
Terence is moderately wounded.
Aiming: Throw Flame
Press: ? - help, Shift-Dir - straight line, f/p - Terence
Aim: Terence, wielding a +0 short sword and wearing a +0 scale mail (moderately wounded, 75% to hit)
The puff of flame misses Terence.
Aiming: Iceblast
Press: ? - help, Shift-Dir - straight line, f/p - Terence
Aim: Terence, wielding a +0 short sword and wearing a +0 scale mail (moderately wounded)
Okay, then.
Really wriggle into that dispersal trap?
You enter a dispersal trap!
Terence blinks! x2; You blink.
Aiming: Iceblast
Press: ? - help, Shift-Dir - straight line, p - Terence The mass of ice explodes!
The iceblast engulfs Terence.
Terence is moderately wounded.
Terence hits you with a +0 short sword.
* * * LOW HITPOINT WARNING * * *
Unknown command.
It was a potion of brilliance.
You feel clever all of a sudden. Terence looks scornfully at you.
Terence closely misses you.
You hit Terence but do no damage. You grab Terence. You squeeze Terence!
Terence is severely wounded.
You constrict Terence, but do no damage.
Terence hits you with a +0 short sword.
* * * LOW HITPOINT WARNING * * *
Terence closely misses you.
You hit Terence but do no damage. You squeeze Terence, but do no damage.
Terence is severely wounded.
You constrict Terence, but do no damage.
Terence hits you with a +0 short sword.
You die...

######### #...[...#
#### #.......# #.<.
##.......# #.##
#........##########.##
##........##.##........
#........†#...#.####.##
#..@@..)......# #.##
#....##.####.^.#.# #...
#.# #..........# ####
#######.#### # #.# ##
##'## #. ##...## ##
##.....## #.
##.......## ##.


You could see Terence.

Vanquished Creatures
  A giant cockroach (D:1)
  3 goblins
  A bat (D:1)
5 creatures vanquished.

Vanquished Creatures (collateral kills)
  A ball python (D:2)
  A kobold (D:2)
2 creatures vanquished.

Grand Total: 7 creatures vanquished

Notes
Turn   | Place    | Note
-------+----------+-------------------------------------------
     0 | D:1      | M4edhros the Octopode Artificer began the quest for the
                  | Orb.
     0 | D:1      | Reached XP level 1. HP: 13/13 MP: 1/1
   316 | D:2      | Noticed Terence
   323 | D:2      | Reached XP level 2. HP: 2/18 MP: 2/2
   360 | D:2      | Slain by Terence

Illustrated notes

Levels and vault maps discovered:
D:1:      dpeg_arrival_ternary, layout_loops_ring, solitary_fountain
D:2:      layout_loops_corners, uniq_terence

Action                   || total
-------------------------++-------
Melee: Club              ||    15
       Constrict         ||     6
       Tentacles         ||     4
Evoke: Wand              ||     6
  Use: Potion            ||     1
 Stab: Sleeping          ||     1
Armor: Skin              ||     1
Dodge: Dodged            ||     9

Table legend: (Time is in decaauts)
 A = Elapsed time spent in this place.
 B = Non-inter-level travel time spent in this place.
 C = Inter-level travel time spent in this place.
 D = Time resting spent in this place.
 E = Time spent auto-exploring this place.
 F = Levels seen in this place.
 G = Mean time per level.
                   A        B        C        D        E       F      G
               +--------+--------+--------+--------+--------+-----+--------+
         Total |    363 |    338 |     25 |     25 |    248 |   2 |  181.5 |
       Dungeon |    363 |    338 |     25 |     25 |    248 |   2 |  181.5 |
               +--------+--------+--------+--------+--------+-----+--------+

Top non-repeatable levels by time:
     D:1: 246 daAuts
     D:2: 117 daAuts
